 Dungeon Crawl Stone Soup version 0.29-a0-271-gd4eb659eea (webtiles) character file.

Game seed: 3244880906250539686

446 Colgate the Magician (level 6, -1/28 HPs)
             Began as a Spriggan Enchanter on Mar 8, 2022.
             Was a Believer of Kikubaaqudgha.
             Slain by a black bear (9 damage)
             ... on level 4 of the Dungeon.
             The game lasted 00:26:13 (6060 turns).

Colgate the Magician (Spriggan Enchanter)           Turns: 6060, Time: 00:26:14

Health: -1/28      AC:  2    Str:  4    XL:     6   Next: 73%
Magic:  12/14      EV: 17    Int: 18    God:    Kikubaaqudgha [**....]
Gold:   209        SH:  0    Dex: 16    Spells: 6/15 levels left

rFire   . . .      SeeInvis +   a - +2 dagger (pain)
rCold   . . .      Faith    .   (no shield)
rNeg    . . .      Spirit   .   l - +0 robe {Archmagi}
rPois   .          Reflect  .   (helmet restricted)
rElec   .          Harm     .   (no cloak)
rCorr   .          Rampage  .   (gloves unavailable)
Will    +....      Archmagi +   (boots unavailable)
Stlth   +++.......              (no amulet)
HPRegen 0.09/turn               (no ring)
MPRegen 0.14/turn               (no ring)

@: invisible, very quick
A: very small, no large weapons, unfitting armour, see invisible, speed 3
a: Renounce Religion, Receive Corpses


You were on level 4 of the Dungeon.
You worshipped Kikubaaqudgha.
Kikubaaqudgha was pleased with you.
You visited 2 branches of the dungeon, and saw 5 of its levels.

You collected 209 gold pieces.

Inventory:

Hand Weapons
 a - a +2 dagger of pain (weapon)
Armour
 l - a +0 robe of the Archmagi (worn)
Magical Staves
 b - a staff of death
Wands
 h - a wand of flame (15)
Scrolls
 d - a scroll of teleportation {@r3}
 e - 2 scrolls of vulnerability
 i - a scroll of torment
 k - a scroll of immolation
 m - a scroll of noise
 p - a scroll of fear {unknown}
 q - a scroll of amnesia {unknown}
Potions
 c - a potion of invisibility
 f - 2 potions of flight
 g - 2 potions of berserk rage
 j - 4 potions of curing {@q1}
 n - 3 potions of degeneration
 o - a potion of might {@q3}
 r - a potion of mutation {unknown}


   Skills:
 - Level 1.1 Short Blades
 - Level 2.6 Dodging
 - Level 4.4 Stealth
 - Level 5.3 Spellcasting
 - Level 5.0 Hexes
 + Level 4.5 Necromancy


You had 6 spell levels left.
You knew the following spells:

 Your Spells              Type           Power      Damage    Failure   Level
a - Ensorcelled Hibernat  Hex/Ice        40%        N/A       7%          2
b - Tukima's Dance        Hex            34%        N/A       4%          3
c - Pain                  Necr           100%       1d9       1%          1
d - Confusing Touch       Hex            34%        N/A       4%          3

Your spell library contained the following spells:

 Spells                   Type           Power      Damage    Failure   Level
 Animate Skeleton         Necr           62%        N/A       1%          1
 Sublimation of Blood     Necr           31%        N/A       3%          2
 Corpse Rot               Necr/Air       38%        N/A       8%          2
 Dazzling Flash           Conj/Hex       40%        N/A       14%         3
 Gell's Gravitas          Tloc           7%         N/A       36%         3
 Lesser Beckoning         Tloc           7%         N/A       36%         3
 Teleport Other           Tloc           7%         N/A       36%         3


Dungeon Overview and Level Annotations

Branches:
Dungeon (4/15)             Temple (1/1) D:4

Altars:
Ashenzari
Cheibriados
Elyvilon
Fedhas
Hepliaklqana
Kikubaaqudgha
Makhleb
Qazlal
Ru
Sif Muna
Wu Jian
The Shining One

Annotations:
D:4 1 runed translucent door, passata's ghost, novice FoFi


Innate Abilities, Weirdness & Mutations

You are very small and have problems with some larger weapons.
You are too small for most types of armour.
You have supernaturally acute eyesight. (SInv)
You cover ground extremely quickly. (Speed+++)


Message History

The black bear attacks as you move away!
The black bear closely misses you.
The black bear claws you but does no damage.
The black bear claws you.
There is an open door here.
The black bear attacks as you move away!
The black bear bites you! The black bear barely misses you.
The black bear closely misses you.
There is an open door here.
Casting: Pain (safe; 1% risk of failure)
Aiming: Ensorcelled Hibernation (safe; 7% risk of failure)
Aim: a black bear (almost dead, berserk, not susceptible)
Okay, then.
Unknown command.
The black bear rages.
The black bear rages.
You are too injured to fight recklessly!
Casting: Ensorcelled Hibernation (safe; 7% risk of failure)
Aiming: Ensorcelled Hibernation (safe; 7% risk of failure)
Okay, then.
Unknown command.
Aiming: Pain (safe; 1% risk of failure)
Aim: a black bear (almost dead, berserk, chance to affect: 83%)
You feel a surge of power!
The black bear writhes in agony.
Aiming: Pain (safe; 1% risk of failure)
Aim: a black bear (almost dead, berserk, chance to affect: 83%)
You feel a surge of power!
The black bear barely resists.
The black bear misses you. x3
The black bear bites you!
* * * LOW HITPOINT WARNING * * *
The black bear completely misses you. The black bear claws you.
* * * LOW HITPOINT WARNING * * *
You feel better. The black bear barely misses you. The black bear claws you.
* * * LOW HITPOINT WARNING * * *
The black bear barely misses you.
You fade into invisibility!
The black bear closely misses you. The black bear misses you.
The black bear closely misses you. The black bear bites you!
You die...
Kikubaaqudgha rasps: "You have failed me!
Welcome... death!"

....#.............#
....#...>.........#
.##.#.............#
###'###+###.......#
#..).....#.......#
#........#.......#
#........#.......#
#........#.....h.#
#........#.....@.#
###########.......#
............#######
............#
............#
[...........#
............#
............#
............#


You could see a black bear (berserk, can't see you).

Vanquished Creatures
  An ogre (D:4)
  A phantom (D:4)
  A necrophage (D:4)
  A scorpion (D:3)
  A hound (D:4)
  An iguana (D:3)
  An orc wizard (D:3)
  An adder (D:2)
  6 worms
  2 dart slugs
  5 orcs
  4 endoplasms
  2 giant cockroaches
  7 goblins
  4 hobgoblins
  5 kobolds
  2 quokkas
  7 ball pythons
  4 bats
  2 frilled lizards
  6 rats
64 creatures vanquished.

Vanquished Creatures (others)
  4 fungi (D:2)
  3 plants (D:2)
7 creatures vanquished.

Grand Total: 71 creatures vanquished

Notes
Turn   | Place    | Note
-------+----------+-------------------------------------------
     0 | D:1      | Colgate the Spriggan Enchanter began the quest for the Orb.
     0 | D:1      | Reached XP level 1. HP: 9/9 MP: 5/5
   216 | D:1      | Reached XP level 2. HP: 12/13 MP: 6/6
   619 | D:1      | Learned a level 2 spell: Ensorcelled Hibernation
  1208 | D:2      | Found a faded altar of an unknown god.
  1232 | D:2      | Prayed at the altar of an unknown god.
  1232 | D:2      | Became a worshipper of Kikubaaqudgha
  1232 | D:2      | Reached * piety under Kikubaaqudgha
  1232 | D:2      | Received a gift from Kikubaaqudgha
  1287 | D:2      | Reached skill level 5 in Hexes
  1556 | D:2      | Reached XP level 3. HP: 16/16 MP: 5/8
  1594 | D:2      | Reached skill level 1 in Necromancy
  2318 | D:2      | Learned a level 3 spell: Tukima's Dance
  2320 | D:2      | Learned a level 1 spell: Pain
  2502 | D:2      | Found an ancient bone altar of Kikubaaqudgha.
  2881 | D:3      | Noticed a scorpion
  2994 | D:3      | Reached XP level 4. HP: 21/21 MP: 0/9
  3214 | D:3      | Found Wiennieh's Distillery.
  3375 | D:3      | Killed a scorpion
  3376 | D:3      | Reached XP level 5. HP: 17/24 MP: 3/10
  4534 | D:3      | Learned a level 3 spell: Confusing Touch
  4604 | D:4      | Reached ** piety under Kikubaaqudgha
  4760 | D:4      | Noticed passata's ghost (novice FoFi)
  4766 | D:4      | Noticed a phantom
  4946 | D:4      | Found a staircase to the Ecumenical Temple.
  4955 | Temple   | Entered the Ecumenical Temple
  5276 | D:4      | Killed a phantom
  5277 | D:4      | Reached XP level 6. HP: 16/28 MP: 8/13
  5413 | D:4      | Found a runed translucent door.
  5680 | D:4      | Reached skill level 5 in Spellcasting
  6060 | D:4      | Slain by a black bear

Illustrated notes

Levels and vault maps discovered:
D:1:      eino_arrival_water_star, layout_loops_ring
D:2:      layout_loops_ring, dreamdust_ecumenical_altar_grove
D:3:      layout_loops_ring, serial_shops, shop
D:4:      layout_gridville, lemuel_temple_firewalk_b, serial_rivers,
          chequers_serial_rivers_small_a, chequers_serial_rivers_large_a,
          chequers_serial_rivers_micro_a, chequers_serial_rivers_micro_d,
          hellmonk_ghost_happy_afterlife
Temple:   minmay_temple_bridge_abc

Skill      XL: |  1  2  3  4  5  6 |
---------------+-------------------+-----
Hexes          | 4 5 |  5.0
Necromancy     | 2 3 4 |  4.5
Spellcasting   | 4 5 |  5.3
Short Blades   | |  1.1
Dodging        | |  2.6
Stealth        | |  4.4

Action                   |  1- 3 |  4- 6 || total
-------------------------+-------+-------++-------
Melee: Dagger            |    57 |    28 ||    85
 Cast: Ensorcelled Hiber |    20 |     5 ||    25
       Pain              |     4 |    59 ||    63
       Confusing Touch   |       |     2 ||     2
  Use: Scroll            |     4 |     6 ||    10
       Potion            |       |     2 ||     2
 Stab: Sleeping          |    26 |    10 ||    36
       Confused          |       |     4 ||     4
Armor: Robe              |     5 |     3 ||     8
Dodge: Dodged            |    35 |    22 ||    57

Table legend: (Time is in decaauts)
 A = Elapsed time spent in this place.
 B = Non-inter-level travel time spent in this place.
 C = Inter-level travel time spent in this place.
 D = Time resting spent in this place.
 E = Time spent auto-exploring this place.
 F = Levels seen in this place.
 G = Mean time per level.
                   A        B        C        D        E       F      G
               +--------+--------+--------+--------+--------+-----+--------+
         Total |   4455 |   4335 |    120 |    630 |   2966 |   5 |  891.0 |
       Dungeon |   4338 |   4232 |    106 |    630 |   2865 |   4 | 1084.5 |
        Temple |    117 |    103 |     14 |      0 |    100 |   1 |  117.0 |
               +--------+--------+--------+--------+--------+-----+--------+

Top non-repeatable levels by time:
     D:3: 1187 daAuts
     D:1: 1089 daAuts
     D:4: 1040 daAuts
     D:2: 1020 daAuts
  Temple: 117 daAuts
